 Dungeon Crawl Stone Soup version 0.24.0 (webtiles) character file.

Game seed: 7252231585709844706, levelgen mode: deterministic

574 Buxparty the Slasher (level 7, -3/45 HPs)
             Began as a Gargoyle Fighter on Apr 22, 2020.
             Killed from afar by an orc wizard (5 damage)
             ... with a magic dart
             ... on level 5 of the Dungeon.
             The game lasted 00:07:27 (2789 turns).

Buxparty the Slasher (Gargoyle Fighter)             Turns: 2789, Time: 00:07:28

Health: -3/45      AC: 13    Str: 21    XL:     7   Next: 35%
Magic:  7/7        EV:  7    Int:  9    God:
Gold:   266        SH:  9    Dex:  9    Spells: 6/6 levels left

rFire    . . .     SeeInvis .   a - +0 long sword
rCold    . . .     Gourm    .   c - +0 shield
rNeg     + . .     Faith    .   b - +0 scale mail
rPois    ∞         Spirit   .   (no helmet)
rElec    +         Reflect  .   v - +0 cloak
rCorr    .         Harm     .   (no gloves)
MR       .....                  g - +0 pair of boots
Stlth    ..........             (no amulet)
HPRegen  0.15/turn              (no ring)
MPRegen  0.10/turn              (no ring)

@: very slightly contaminated
A: negative energy resistance 1, electricity resistance, unbreathing,
petrification resistance, rot immunity, AC +4
a: no special abilities


You were on level 5 of the Dungeon.
You were not hungry.

You visited 1 branch of the dungeon, and saw 5 of its levels.

You collected 266 gold pieces.

Inventory:

Hand Weapons
 a - a +0 long sword (weapon)
Armour
 b - a +0 scale mail (worn)
 c - a +0 shield (worn)
 g - a +0 pair of boots (worn)
 v - a +0 cloak (worn)
Wands
 y - a wand of random effects (23)
Scrolls
 i - 2 scrolls of blinking
 j - 3 scrolls of teleportation {unknown}
 k - a scroll of random uselessness {unknown}
 l - a scroll of magic mapping {unknown}
 o - 6 scrolls of remove curse {unknown}
 q - 4 scrolls of identify {unknown}
 s - a scroll of fear {unknown}
 t - a scroll of amnesia {unknown}
 w - a scroll of fog {unknown}
Potions
 d - a potion of resistance
 e - 3 potions of lignification {unknown}
 h - 2 potions of flight {unknown}
 n - a potion of ambrosia {unknown}
 p - 2 potions of curing {unknown}
 r - a potion of mutation {unknown}
 u - a potion of berserk rage {unknown}
Comestibles
 f - 11 rations


   Skills:
 + Level 5.7 Fighting
 * Level 6.0 Long Blades
 - Level 3.2 Armour
 - Level 3.2 Shields


You had 6 spell levels left.
You didn't know any spells.
Your spell library was empty.

Dungeon Overview and Level Annotations

Branches:
Dungeon (5/15)
 Temple: D:4-7

Altars:
Fedhas

Annotations:
D:5 Edmund, Grinder


Innate Abilities, Weirdness & Mutations

You are resistant to torment.
Your stone body is resilient. (AC +4)
You are immune to poison.
You resist negative energy. (rN+)
You are resistant to electric shocks. (rElec)
You can survive without breathing.
You are immune to petrification.
You are immune to rotting.


Message History

The puff of flame hits you but does no damage.
The phantom hits you but does no damage.
The phantom blinks!
You can move again.
Grinder is no longer moving quickly.
A magic dart appears from out of thin air!
The magic dart hits you but does no damage.
The phantom blinks!
Something hits you but does no damage.
Grinder blinks!
You hear some strange, mumbled words.
A magic dart appears from out of thin air!
The magic dart hits you.
* * * LOW HITPOINT WARNING * * *
You hear some strange, mumbled words.
A puff of frost appears from out of thin air!
The puff of frost hits you!
* * * LOW HITPOINT WARNING * * *
A magic dart appears from out of thin air!
The magic dart hits you.
You die...

...............# ....
#..............#
.....................###
......##.........#.....
....W.####.#####.#...#
........... ##.#...####
.........######.........###..
..>......W.h.o{.............
.........######.@.......###
s######.## #.........# .#..
#.# ###.†...<...# ... #.#
#...........# .. #.#
##..>........# .#
#{####..###########
M######o#...)...#
......M.#.......#
....l...........#


You could see a phantom, an orc and a jackal.

Vanquished Creatures
  A centaur (D:4)
  A scorpion (D:4)
  A howler monkey (D:4)
  A crimson imp (D:5)
  3 orc wizards (D:3)
  2 iguanas
  3 worker ants
  10 adders
  A shadow imp (D:5)
  3 worms
  4 dart slugs
  2 leopard geckos
  3 orcs (D:3)
  7 bats
  3 giant cockroaches
  7 goblins
  6 hobgoblins
  5 jackals
  7 kobolds
  A quokka (D:3)
  2 ball pythons
  5 frilled lizards
  2 kobold zombies (D:5)
  A leopard gecko skeleton (D:4)
  An orc zombie (D:5)
  8 rats
90 creatures vanquished.

Vanquished Creatures (others)
  A plant (D:4)
1 creature vanquished.

Grand Total: 91 creatures vanquished

Notes
Turn   | Place    | Note
-------+----------+-------------------------------------------
     0 | D:1      | Buxparty the Gargoyle Fighter began the quest for the Orb.
     0 | D:1      | Reached XP level 1. HP: 14/14 MP: 1/1
     7 | D:1      | Reached skill level 2 in Long Blades
    58 | D:1      | Reached XP level 2. HP: 19/19 MP: 2/2
   240 | D:1      | Reached XP level 3. HP: 23/24 MP: 3/3
   746 | D:2      | Reached skill level 3 in Long Blades
   977 | D:2      | Reached XP level 4. HP: 29/29 MP: 4/4
  1556 | D:3      | Reached XP level 5. HP: 29/34 MP: 5/5
  1559 | D:3      | Reached skill level 4 in Long Blades
  2071 | D:4      | Reached XP level 6. HP: 40/40 MP: 6/6
  2095 | D:4      | Reached skill level 5 in Fighting
  2137 | D:4      | Reached skill level 5 in Long Blades
  2331 | D:4      | Found a blossoming altar of Fedhas.
  2461 | D:4      | Reached XP level 7. HP: 36/44 MP: 7/7
  2660 | D:5      | Entered Level 5 of the Dungeon
  2749 | D:5      | Noticed Grinder
  2752 | D:5      | Noticed Edmund
  2767 | D:5      | Reached skill level 6 in Long Blades
  2778 | D:5      | Paralysed by Grinder for 5 turns
  2788 | D:5      | HP: 1/45 [something/puff of frost (9)]
  2789 | D:5      | Killed from afar by an orc wizard

Levels and vault maps discovered:
D:1:      eino_arrival_tree_alley, layout_rooms
D:2:      layout_basic
D:3:      layout_loops_ring
D:4:      cheibrodos_old_hovel, layout_loops_ring, first_ration,
          grunt_decor_fettered, fedhas_bush_and_centaur_altar
D:5:      layout_rooms, nicolae_overflow_crystal_walls, minmay_mini_ossuary,
          uniq_grinder, uniq_edmund
